 Dungeon Crawl Stone Soup version 0.31.0-11-ge490571c62 (webtiles) character file.

Game seed: 9768313389951299977

132 qw the Skirmisher (level 4, -1/25 HPs)
             Began as a Deep Elf Hunter on Feb 4, 2024.
             Slain by Grinder (2 damage)
             ... on level 3 of the Dungeon.
             The game lasted 00:00:05 (1721 turns).

qw the Skirmisher (Deep Elf Hunter)                 Turns: 1721, Time: 00:00:06

Health: -1/25      AC:  6    Str: 10    XL:     4   Next: 92%
Magic:  6/6        EV: 11    Int: 14    God:
Gold:   133        SH:  0    Dex: 21    Spells: 3/3 levels left

rFire   + . .        b - +3 shortbow "Tenoled" {drain, rF+ Dex+3 SInv}
rCold   . . .        (shield currently unavailable)
rNeg    . . .        g - +0 ring mail
rPois   .            (no helmet)
rElec   .            j - +0 cloak
rCorr   .            (no gloves)
SInv    +            (no boots)
Will    .....        (no amulet)
Stlth   +            (no ring)
HPRegen 0.24/turn    (no ring)
MPRegen 0.10/turn

%: no passive effects
@: no status effects
A: no striking features
a: no special abilities


You were on level 3 of the Dungeon.
You visited 1 branch of the dungeon, and saw 3 of its levels.

You collected 133 gold pieces.


   Skills:
 - Level 1.5 Fighting
 + Level 8.3 Ranged Weapons
 - Level 2.4 Dodging
 - Level 1.2 Stealth


You had 3 spell levels left.
You didn't know any spells.
Your spell library was empty.

Inventory:

Hand Weapons
 b - the +3 shortbow "Tenoled" (weapon) {drain, rF+ Dex+3 SInv}
   (You acquired it on level 2 of the Dungeon)

   Dex+3:     It affects your dexterity (+3).
   rF+:       It protects you from fire.
   SInv:      It lets you see invisible.
Armour
 g - a +0 ring mail (worn)
 j - a +0 cloak (worn)
Potions
 a - a potion of might {unknown}
 d - a potion of curing {unknown}
 e - a potion of heal wounds {unknown}
 f - a potion of lignification {unknown}
 h - a potion of enlightenment {unknown}

Dungeon Overview and Level Annotations

Branches:
Dungeon (3/15)

Altars:

Annotations:
D:3 Grinder


Message History

You drain the bombardier beetle.
The bombardier beetle is lightly wounded.
You shoot an arrow. The arrow hits the bombardier beetle!
The bombardier beetle is heavily wounded.
You shoot an arrow.
The arrow hits the bombardier beetle but does no damage.
The bombardier beetle is heavily wounded.
You shoot an arrow. The arrow hits the bombardier beetle.
You drain the bombardier beetle.
You kill the bombardier beetle!
Your Ranged Weapons skill increases to level 8!
You now have 133 gold pieces (gained 4).
You open the door.
Found a hand axe.
There is an open door here.
Found a short sword.
A frilled lizard comes into view.
You shoot an arrow. The arrow hits the frilled lizard!
You kill the frilled lizard!
Grinder comes into view.
Grinder says, "There's only one good use for a tongue: cutting it out."
You shoot an arrow. The arrow closely misses Grinder.
You shoot an arrow. The arrow hits Grinder.
Grinder is lightly wounded.
You shoot an arrow. The arrow hits Grinder!
Grinder is moderately wounded.
You shoot an arrow. The arrow hits Grinder!
Grinder is heavily wounded.
You shoot an arrow. The arrow completely misses Grinder.
Grinder gestures at you.
You suddenly lose the ability to move!
Grinder gestures at you. Pain shoots through your body! Grinder hits you.
You writhe in agony.
You can move again.
You shoot an arrow. The arrow hits Grinder.
Grinder is severely wounded.
Grinder hits you!
You writhe in agony.
Grinder hits you.
You die...
Grinder says, "Now the real fun starts!"

#...##8###8#........#......#
##....%...........#+#........
#8...............#...........
#...............#...........
##8###}###8#....#.......<...
########....#...........
............#...........
........#####...........
#......@# #...........
#......5...............
######..#####.. #... ....
...... ...... ........


You could see Grinder.

Vanquished Creatures
  A bombardier beetle (D:3)
  5 adders
  2 ribbon worms (D:2)
  2 dart slugs (D:1)
  4 orcs (D:3)
  A bat (D:2)
  2 endoplasms (D:1)
  A giant cockroach (D:3)
  2 goblins (D:1)
  5 hobgoblins
  2 jackals (D:1)
  2 kobolds (D:1)
  A quokka (D:1)
  5 ball pythons
  A frilled lizard (D:3)
  7 rats
43 creatures vanquished.

Notes
Turn   | Place    | Note
-------+----------+-------------------------------------------
     0 | D:1      | qw the Deep Elf Hunter began the quest for the Orb.
     0 | D:1      | Reached XP level 1. HP: 12/12 MP: 3/3
     0 | D:1      | 0 ||| qw: Version: 0.3-a-160-g6735b56
     0 | D:1      | 0 ||| qw: Game counter: 5483
     0 | D:1      | 0 ||| qw: Melee chars always use a shield: true
     0 | D:1      | 0 ||| qw: God list: Okawaru
     0 | D:1      | 0 ||| qw: Allow faded altars: false
     0 | D:1      | 0 ||| qw: Do Orc after clearing Dungeon:15 true
     0 | D:1      | 0 ||| qw: Do second Lair branch before Depths: true
     0 | D:1      | 0 ||| qw: Lair rune preference: random
     0 | D:1      | 0 ||| qw: Goals: Normal
     0 | D:1      | 0 ||| PLANNING D:1-11
   122 | D:1      | Found a faded altar of an unknown god.
   165 | D:1      | Reached skill level 6 in Ranged Weapons
   165 | D:1      | Reached XP level 2. HP: 16/16 MP: 4/4
   201 | D:1      | HP: 4/16 [quokka (3)]
   710 | D:1      | 710 ||| DROPPING scarf of shadows.
   711 | D:1      | 711 ||| READING scroll labelled AFFA JOSEPHEYT.
   715 | D:1      | 715 ||| DROPPING scroll of butterflies.
   735 | D:2      | Reached XP level 3. HP: 16/20 MP: 5/5
   821 | D:2      | Reached skill level 7 in Ranged Weapons
  1107 | D:2      | Reached XP level 4. HP: 25/25 MP: 6/6
  1421 | D:2      | 1421 ||| UPGRADING to +0 ring mail.
  1431 | D:2      | 1431 ||| DROPPING +0 leather armour.
  1432 | D:2      | 1432 ||| UPGRADING to +0 cloak.
  1437 | D:2      | 1437 ||| READING scroll labelled NUZXEIMYAR.
  1437 | D:2      | Identified a scroll of acquirement
  1437 | D:2      | 1437 ||| ACQUIRING +3 shortbow "Tenoled" {drain, rF+ Dex+3
                  | SInv}
  1437 | D:2      | Acquired the +3 shortbow "Tenoled" {drain, rF+ Dex+3 SInv}
  1439 | D:2      | 1439 ||| SWAPPING to +3 shortbow "Tenoled" {drain, rF+
                  | Dex+3 SInv}.
  1440 | D:2      | 1440 ||| DROPPING +0 shortbow.
  1441 | D:2      | 1441 ||| READING scroll labelled WORCHU RITIMUT.
  1486 | D:2      | 1486 ||| READING scroll labelled ULAW ADOZIROAC.
  1620 | D:3      | Reached skill level 8 in Ranged Weapons
  1712 | D:3      | Noticed Grinder
  1717 | D:3      | Paralysed by Grinder for 4 turns
  1721 | D:3      | HP: 2/25 [Grinder (7)]
  1721 | D:3      | Slain by Grinder

Levels and vault maps discovered:
D:1:      amcnicky_arrival_underground_garden, layout_basic,
          basic_ecumenical_altar, hangedman_decor_growths, minmay_liquid_box
D:2:      layout_loops_ring
D:3:      minmay_roachtagon, layout_basic, nicolae_hepliaklqana_hazy_memory,
          serial_corexii_hall, corexii_hall_statues_i, corexii_hall_statues_l,
          uniq_grinder

Skill      XL: |  1  2  3  4 |
---------------+-------------+-----
Ranged Weapons | 6 7 8 |  8.3
Fighting       | |  1.5
Dodging        | |  2.4
Stealth        | |  1.2

Action                     |  1- 3 |  4- 6 || total
---------------------------+-------+-------++-------
   Fire: Shortbow          |    87 |    48 ||   135
    Use: Scroll            |     1 |     3 ||     4
 Armour: Leather armour    |    21 |       ||    21
         Ring mail         |       |     7 ||     7
  Dodge: Dodged            |    18 |     3 ||    21

Table legend:
 A = Non-vault XP
 B = Vault XP
 C = Vault XP percentage of total XP
 D = Non-vault monster count
 E = Vault monster count
 F = Vault count percentage of total count
                 A         B        C        D         E       F
            +---------+---------+-------+---------+---------+-------
      Total |     189 |       0 |   0.0 |      43 |       0 |   0.0
            +---------+---------+-------+---------+---------+-------
        D:1 |      38 |       0 |   0.0 |      20 |       0 |   0.0
        D:2 |      70 |       0 |   0.0 |      12 |       0 |   0.0
        D:3 |      81 |       0 |   0.0 |      11 |       0 |   0.0
            +---------+---------+-------+---------+---------+-------
